 Dungeon Crawl Stone Soup version 0.24-a0-462-ge24419a6ad (webtiles) character file.

Game seed: 13259645126514989008

105 Mrkan the Poker (level 4, -6/40 HPs)
             Began as a Draconian Monk on July 2, 2019.
             Killed from afar by an orc wizard (8 damage)
             ... with a puff of frost
             ... on level 3 of the Dungeon.
             The game lasted 00:03:33 (1094 turns).

Mrkan the Poker (Draconian Monk)                    Turns: 1094, Time: 00:03:34

Health: -6/40      AC:  5    Str: 14    XL:     4   Next: 54%
Magic:  4/4        EV: 13    Int: 10    God:
Gold:   87         SH:  0    Dex: 14    Spells: 3/3 levels left

rFire    . . .     SeeInvis .   a - +0 spear
rCold    . . .     Gourm    .   (no shield)
rNeg     . . .     Faith    .   (armour unavailable)
rPois    .         Spirit   .   (helmet restricted)
rElec    .         Reflect  .   (no cloak)
rCorr    .         Harm     .   (no gloves)
MR       .....                  (no boots)
Stlth    ++........             (no amulet)
HPRegen  0.13/turn              (no ring)
MPRegen  0.09/turn              (no ring)

@: no status effects
A: unfitting armour, cold-blooded, AC +5
a: no special abilities


You were on level 3 of the Dungeon.
You were not hungry.

You visited 1 branch of the dungeon, and saw 4 of its levels.

You collected 87 gold pieces.

Inventory:

Hand Weapons
 a - a +0 spear (weapon)
Missiles
 d - 44 stones (quivered)
 n - 14 bolts
 o - 18 sling bullets
Scrolls
 c - 4 scrolls of identify {unknown}
 e - a scroll of teleportation {unknown}
 f - a scroll of enchant weapon {unknown}
 g - 2 scrolls of amnesia {unknown}
 j - a scroll of noise {unknown}
 k - a scroll of enchant armour {unknown}
Potions
 h - a potion of flight {unknown}
 i - a potion of heal wounds {unknown}
 l - a potion of agility {unknown}
Comestibles
 b - 2 rations
 m - a chunk of flesh


   Skills:
 + Level 4.1 Fighting
 * Level 4.3 Polearms
 + Level 3.3 Dodging
 - Level 1.7 Stealth


You had 3 spell levels left.
You didn't know any spells.
Your spell library was empty.

Dungeon Overview and Level Annotations

Branches:
Dungeon (4/15)
 Temple: D:4-7

Altars:


Innate Abilities, Weirdness & Mutations

Your plain brown scales are hard. (AC +5)
You cannot fit into any form of body armour.
You are cold-blooded and may be slowed by cold attacks.


Message History

The orc wizard hits you with a +0 flail.
* * * LOW HITPOINT WARNING * * *
You hit the orc wizard. You tail-slap the orc wizard.
The orc wizard is moderately wounded.
The orc wizard hits you with a +0 flail.
* * * LOW HITPOINT WARNING * * *
Some of the chunks of flesh in your inventory have rotted away.
You hit the orc wizard.
The orc wizard is moderately wounded.
The orc wizard barely misses you.
Sorry, you're not good enough to have a special ability.
Okay, then.
You barely miss the orc wizard.
The orc wizard is moderately wounded.
The orc wizard looks braver for a moment.
The orc wizard hits you with a +0 flail.
* * * LOW HITPOINT WARNING * * *
The orc wizard gestures at you while chanting.
The puff of frost hits you!
You die...

#
#########.#
.
#.o.oo.....
#.#####.#.#
### #@# ..#
#
########.#
#.# .#
#........#
#.##.#
#.####.###
.....# #.#
#.# .....#
#.####.#
#.##.#
#....#.#
#.##.#
#.##.#.#
..##.#
#)##.#.#


You could see an orc wizard.

Vanquished Creatures
  A centaur skeleton (D:4)
  An orc wizard (D:3)
  An adder (D:2)
  3 worms (D:2)
  3 dart slugs
  A leopard gecko (D:1)
  An orc (D:3)
  2 bats (D:2)
  2 goblins
  2 hobgoblins
  A quokka (D:3)
  A frilled lizard (D:2)
  5 kobolds
  2 rats (D:1)
26 creatures vanquished.

Notes
Turn   | Place    | Note
-------+----------+-------------------------------------------
     0 | D:1      | Mrkan the Draconian Monk began the quest for the Orb.
     0 | D:1      | Reached XP level 1. HP: 19/19 MP: 1/1
   237 | D:1      | Reached XP level 2. HP: 26/26 MP: 2/2
   763 | D:2      | Reached XP level 3. HP: 32/33 MP: 3/3
   953 | D:2      | You fall into a shaft and drop 2 floors!
   967 | D:4      | Reached XP level 4. HP: 26/40 MP: 4/4
  1091 | D:3      | HP: 2/40 [orc wizard/+0 flail (6)]
  1094 | D:3      | Killed from afar by an orc wizard

Levels and vault maps discovered:
D:1:      eino_arrival_water_cross, layout_loops_ring
D:2:      layout_basic, st_stairs_11, uniq_jessica
D:3:      layout_loops_corners
D:4:      layout_basic, nicolae_overflow_hidden_temple, first_ration,
          ebering_ghost_reflecting_pool

Skill      XL: |  1  2  3  4 |
---------------+-------------+-----
Dodging        | 3 |  3.3
Polearms       | 4 |  4.3
Fighting       | 4 |  4.1
Stealth        | |  1.7

Action                   |  1- 3 |  4- 6 || total
-------------------------+-------+-------++-------
Melee: Spear             |    91 |    25 ||   116
       Tailslap          |    11 |     4 ||    15
 Stab: Sleeping          |     5 |       ||     5
  Eat: Chunk             |       |     1 ||     1
Armor: Skin              |    13 |     1 ||    14
Dodge: Dodged            |    46 |    10 ||    56

Table legend:
 A = Non-vault XP
 B = Vault XP
 C = Vault XP percentage of total XP
 D = Non-vault monster count
 E = Vault monster count
 F = Vault count percentage of total count
                 A         B        C        D         E       F
            +---------+---------+-------+---------+---------+-------
      Total |     151 |       0 |   0.0 |      26 |       0 |   0.0
            +---------+---------+-------+---------+---------+-------
        D:1 |      15 |       0 |   0.0 |       8 |       0 |   0.0
        D:2 |      47 |       0 |   0.0 |      13 |       0 |   0.0
        D:3 |      47 |       0 |   0.0 |       4 |       0 |   0.0
        D:4 |      42 |       0 |   0.0 |       1 |       0 |   0.0
            +---------+---------+-------+---------+---------+-------
